 Dungeon Crawl Stone Soup version 0.24.1-14-gf8d2b509d9 (webtiles) character file.

Game seed: 9102192118178286845, levelgen mode: deterministic

13 barney the Ruffian (level 2, -2/23 HPs)
             Began as a Draconian Transmuter on Sept 29, 2021.
             Slain by an adder (3 damage)
             ... on level 2 of the Dungeon.
             The game lasted 00:00:35 (340 turns).

barney the Ruffian (Draconian Transmuter)            Turns: 340, Time: 00:00:36

Health: -2/23      AC:  4    Str: 11 (12) XL:     2   Next: 24%
Magic:  4/5        EV: 12    Int: 10 (13) God:
Gold:   27         SH:  0    Dex: 10 (11) Spells: 4/5 levels left

rFire    . . .     SeeInvis .     - Unarmed
rCold    . . .     Gourm    .   (no shield)
rNeg     . . .     Faith    .   (armour unavailable)
rPois    .         Spirit   .   (helmet restricted)
rElec    .         Reflect  .   (no cloak)
rCorr    .         Harm     .   (no gloves)
MR       .....                  (no boots)
Stlth    +.........             (no amulet)
HPRegen  0.07/turn              (no ring)
MPRegen  0.09/turn              (no ring)

@: lethally poisoned (-2 -> -12), appendage (expiring)
A: unfitting armour, horns 2, cold-blooded, AC +4
a: End Transformation


You were on level 2 of the Dungeon.
You were not hungry.
You had grown temporary horns.
You visited 1 branch of the dungeon, and saw 2 of its levels.

You collected 27 gold pieces.

Inventory:

Missiles
 a - 12 arrows
Scrolls
 b - 2 scrolls of teleportation {unknown}
 e - 3 scrolls of remove curse {unknown}
Potions
 f - a potion of degeneration
Comestibles
 c - 2 rations
 d - 4 chunks of flesh


   Skills:
 - Level 1.1 Fighting
 - Level 1.7 Dodging
 - Level 3.0 Unarmed Combat
 - Level 2.0 Spellcasting
 * Level 3.0 Transmutations


You had 4 spell levels left.
You knew the following spells:

 Your Spells              Type           Power        Failure   Level  Hunger
a - Beastly Appendage     Tmut           #.....       9%          1    ##.....

Your spell library contained the following spells:

 Spells                   Type           Power        Failure   Level  Hunger
 Sticks to Snakes         Tmut           #.......     14%         2    ###....
 Spider Form              Tmut/Pois      #.........   45%         3    ####...
 Ice Form                 Ice/Tmut       #.......     86%         4    #####..
 Blade Hands              Tmut           #.........   94%         5    ######.


Dungeon Overview and Level Annotations

Branches:
Dungeon (1/15)

Altars:


Innate Abilities, Weirdness & Mutations

Your plain brown scales are hard. (AC +4)
You cannot fit into any form of body armour.
You are cold-blooded and may be slowed by cold attacks.
You have a pair of horns on your head.


Message History

* * * LOW HITPOINT WARNING * * *
You hit the adder. Your headbutt misses the adder.
The adder is moderately wounded.
The jackal closely misses you. The adder barely misses you.
You hit the adder.
The adder is severely wounded.
The jackal barely misses you. The adder closely misses you.
The jackal closely misses you.
You barely miss the adder.
The adder is severely wounded.
* * * LOW HITPOINT WARNING * * *
You feel sick. The adder misses you. The jackal misses you.
You hit the adder. Your headbutt misses the adder.
Your tail-slap misses the adder.
The adder is almost dead.
The adder bites you.
* * * LOW HITPOINT WARNING * * *
You are more poisoned.
The adder poisons you! The jackal completely misses you. The adder bites you.
You die...

....# .. ....
..#+##..#
.........
......#.####
........... .
#......####....
#....†.@S).....
##....#h###....
#....#..# .
#....##.#
#....# ..
###### #.# .#
.#


You could see an adder and a jackal.

Vanquished Creatures
  A dart slug (D:2)
  A leopard gecko (D:1)
  A jackal (D:2)
  A kobold (D:1)
  3 bats (D:1)
  2 frilled lizards (D:1)
  2 rats (D:1)
11 creatures vanquished.

Notes
Turn   | Place    | Note
-------+----------+-------------------------------------------
     0 | D:1      | barney the Draconian Transmuter began the quest for the
                  | Orb.
     0 | D:1      | Reached XP level 1. HP: 16/16 MP: 3/3
   192 | D:1      | Reached XP level 2. HP: 23/23 MP: 5/5
   313 | D:1      | You fall into a shaft and drop 1 floor!
   340 | D:2      | HP: 1/23 [adder (1)]
   340 | D:2      | Slain by an adder

Levels and vault maps discovered:
D:1:      minmay_arrival_jagged, layout_loops_ring
D:2:      layout_basic

Skill      XL: |  1  2 |
---------------+-------+-----
Transmutations | 3 |  3.0
Fighting       | |  1.1
Dodging        | |  1.7
Unarmed Combat | |  3.0
Spellcasting   | |  2.0

Action                   || total
-------------------------++-------
Melee: Unarmed           ||    43
       Headbutt          ||     3
       Kick              ||     2
       Tailslap          ||     2
 Cast: Beastly Appendage ||     7
  Use: Potion            ||     1
Armor: Skin              ||    15
Dodge: Dodged            ||    47
